 Dungeon Sprint DCSS version 0.30.1-11-g7821555f0a (webtiles) character file.

Game seed: 11848455907614530347

28832 Groucho the Convoker (level 13, -28/80 HPs)
             Began as a Deep Elf Summoner on Jan 7, 2024.
             Was the Champion of Sif Muna.
             Annihilated by Dissolution (31 damage)
             ... in the Dungeon (Sprint VII: "The Pits").
             The game lasted 00:42:16 (11687 turns).

Groucho the Convoker (Deep Elf Summoner)           Turns: 11687, Time: 00:42:17

Health: -28/80     AC: 18    Str:  8    XL:     13   Next: 11%
Magic:  3/34       EV: 17    Int: 33    God:    Sif Muna [******]
Gold:   23         SH:  5    Dex: 15    Spells: 4/43 levels left

rFire   . . .        x - +8 trishula "Condemnation" {holy, anguish, *Noise Fly rN+}
rCold   . . .        z - orb "Qisiasa" {*channel, +Inv rPois Will- Int+4}
rNeg    + . .        I - +2 acid dragon scales
rPois   +            G - +2 helmet
rElec   .            i - +1 cloak
rCorr   +            h - +1 pair of gloves
SInv    .            (no boots)
Will    .....        E - amulet of reflection
Stlth   ++           p - +3 ring of strength
HPRegen 0.33/turn    g - +3 ring of intelligence
MPRegen 0.24/turn

%: no teleportation, reflection, channel magic (20%)
@: flying, hasted, very quick
A: no striking features
a: Renounce Religion, Evoke Invisibility, Channel Magic, Forget Spell, Divine
Exegesis


You were in the Dungeon.
You worshipped Sif Muna.
Sif Muna was exalted by your worship.
You visited 1 branch You collected 23 gold pieces.

Inventory:

Hand Weapons
 o - a +0 arbalest
 x - the +8 trishula "Condemnation" (weapon) {holy, anguish, *Noise Fly rN+}
   (You found it in the Dungeon)

   rN:        It protects you from negative energy.
   Fly:       It grants you flight.
   *Noise:    It may make noises in combat.
Armour
 h - a +1 pair of gloves (worn)
 i - a +1 cloak (worn)
 z - the orb "Qisiasa" (worn) {*channel, +Inv rPois Will- Int+4}
   (You found it in the Dungeon)

   Int:       It affects your intelligence (+4).
   rPois:     It protects you from poison.
   +Inv:      It lets you turn invisible.
   Will:      It decreases your willpower.
 G - a +2 helmet (worn)
 I - +2 acid dragon scales (worn)
Jewellery
 g - a +3 ring of intelligence (right hand)
 p - a +3 ring of strength (left hand)
 B - a ring of see invisible
 E - an amulet of reflection (around neck)
Wands
 F - a wand of mindburst (7)
Scrolls
 d - 2 scrolls of enchant weapon
 k - 3 scrolls of amnesia
 l - a scroll of summoning
 w - 2 scrolls of fear
 y - 4 scrolls of fog
 A - a scroll of silence
 C - a scroll of identify
 D - a scroll of enchant armour
Potions
 b - 5 potions of magic
 c - 8 potions of curing
 e - 3 potions of haste
 f - 3 potions of berserk rage
 j - 2 potions of invisibility
 q - 3 potions of mutation
 r - 3 potions of might
 s - a potion of resistance


   Skills:
 + Level 9.5 Fighting
 + Level 7.5 Polearms
 - Level 10.0 Ranged Weapons
 + Level 9.4 Armour
 + Level 13.5 Dodging
 - Level 2.4 Stealth
 + Level 15.8 Spellcasting
 - Level 10.0 Hexes
 * Level 18.9 Summonings
 + Level 8.3 Translocations
 + Level 9.9 Air Magic
 * Level 10.0 Earth Magic
 + Level 7.5 Invocations


You had 4 spell levels left.
You knew the following spells:

 Your Spells              Type           Power      Damage    Failure   Level
a - Call Canine Familiar  Summ           100%       N/A       1%          3
b - Summon Cactus Giant   Summ           50%        N/A       1%          6
c - Monstrous Menagerie   Summ           50%        N/A       4%          7
d - Summon Lightning Spi  Summ/Air       88%        N/A       1%          4
e - Cause Fear            Hex            37%        N/A       3%          4
f - Lee's Rapid Deconstr  Erth           37%        3d19*     5%          5
h - Summon Forest         Summ/Tloc      43%        N/A       2%          5
i - Summon Mana Viper     Hex/Summ       89%        N/A       2%          5

Your spell library contained the following spells:

 Spells                   Type           Power      Damage    Failure   Level
 Sandblast                Erth           100%       2d20      1%          1
 Slow                     Hex            100%       N/A       1%          1
 Summon Small Mammal      Summ           100%       N/A       1%          1
 Blink                    Tloc           100%       N/A       1%          2
 Call Imp                 Summ           100%       N/A       1%          2
 Lesser Beckoning         Tloc           100%       N/A       1%          2
 Confusing Touch          Hex            75%        N/A       1%          3
 Summon Guardian Golem    Hex/Summ       89%        N/A       1%          3
 Tukima's Dance           Hex            75%        N/A       1%          3
 Animate Armour           Summ/Erth      100%       N/A       1%          4
 Vhi's Electric Charge    Tloc/Air       100%       N/A       2%          3
 Ensorcelled Hibernation  Hex/Ice        100%       N/A       3%          2
 Passwall                 Tmut/Erth      46%        N/A       3%          2
 Static Discharge         Conj/Air       100%       2-7/arc   3%          2
 Leda's Liquefaction      Hex/Erth       37%        N/A       3%          4
 Cigotuvi's Dreadful Rot  Necr/Pois/Air  96%        N/A       4%          2
 Momentum Strike          Conj/Tloc      100%       3d10      4%          2
 Dazzling Flash           Conj/Hex       100%       N/A       4%          3
 Inner Flame              Hex/Fire       56%        N/A       4%          3
 Passage of Golubria      Tloc           69%        N/A       4%          4
 Magic Dart               Conj           100%       1d8       10%         1
 Necrotise                Necr           100%       1d9       10%         1
 Anguish                  Hex/Necr       28%        N/A       11%         4
 Fulminant Prism          Conj/Hex       28%        3d14      11%         4
 Sublimation of Blood     Necr           26%        N/A       12%         2
 Ignite Poison            Fire/Tmut/Pois 26%        N/A       21%         3
 Vampiric Draining        Necr           26%        2d7       21%         3
 Animate Dead             Necr           26%        N/A       45%         4
 Dispel Undead            Necr           26%        3d13      45%         4
 Ice Form                 Ice/Tmut       26%        N/A       45%         4
 Summon Hydra             Summ           50%        N/A       4%          7
 Silence                  Hex/Air        37%        N/A       5%          5
 Malign Gateway           Summ/Tloc      43%        N/A       21%         7
 Borgnjor's Vile Clutch   Necr/Erth      28%        N/A       22%         5
 Yara's Violent Unravell  Hex/Tmut       28%        3d12      22%         5
 Freezing Cloud           Conj/Ice/Air   24%        6-21      36%         5
 Enfeeble                 Hex            37%        N/A       56%         7
 Haunt                    Necr/Summ      36%        N/A       61%         7
 Conjure Ball Lightning   Conj/Air       28%        3x3d8     65%         6
 Iron Shot                Conj/Erth      28%        9d6       65%         6
 Statue Form              Tmut/Erth      37%        N/A       65%         6
 Agony                    Necr           26%        N/A       77%         5
 Irradiate                Conj/Tmut      13%        3d16      77%         5
 Simulacrum               Ice/Necr       13%        N/A       99%         6
 Discord                  Hex            37%        N/A       99%         8
 Ozocubu's Refrigeration  Ice            13%        4d10      100%        7
 Borgnjor's Revivificati  Necr           13%        N/A       100%        8
 Disjunction              Tloc           34%        N/A       100%        8
 Necromutation            Tmut/Necr      13%        N/A       100%        8
 Death's Door             Necr           13%        N/A       100%        9
 Shatter                  Erth           37%        3d30*     100%        9


Dungeon Overview and Level Annotations

Branches:
Dungeon (1/1)

Altars:
Ashenzari
Cheibriados
Dithmenos
Elyvilon
Fedhas
Gozag
Hepliaklqana
Kikubaaqudgha
Makhleb
Nemelex Xobeh
Okawaru
Qazlal
Ru
Sif Muna
Trog
Uskayaw
Vehumet
Wu Jian
Xom
Yredelemnul
Zin
The Shining One
Jiyva
Lugonu

Annotations:
D Dissolution


Message History

Unknown command.
Unknown command.
Unknown command.
Unknown command.
Unknown command.
Casting: Summon Cactus Giant (dangerous; 1% risk of failure)
Confirm with . or Enter, or press ? or * to list all spells.
Aiming: Lee's Rapid Deconstruction (dangerous; 5% risk of failure)
Press: ? - help, Dir - move target A metal wall.
The metal wall shatters!
The blast of metal fragments hits Dissolution!!
Dissolution is heavily wounded.
The blast of metal fragments hits the sun demon!!
The sun demon is heavily wounded.
The blast of metal fragments hits the war gargoyle!!
The war gargoyle is almost destroyed.
The blast of metal fragments hits the floating eye!
The floating eye is severely wounded.
The war gargoyle launches metal splinters at you.
The spray of metal splinters misses you.
Dissolution hits you!!!
* * * LOW HITPOINT WARNING * * *
You are splashed with acid.
You resist.
* * * LOW HITPOINT WARNING * * *
Dissolution hits you.
* * * LOW HITPOINT WARNING * * *
You are splashed with acid.
You resist.
* * * LOW HITPOINT WARNING * * *
Unknown command.
Okay, then.
Okay, then.
You feel yourself speed up.
The war gargoyle hits you with a +0 great mace!
* * * LOW HITPOINT WARNING * * *
A naga comes into view.
Your cactus giant hits Dissolution with a +0 giant spiked club!
Your cactus giant is burned by acid!
Dissolution hits you!!
You die...

+..#....#..#
+..........#
#..........#
#..#....#..#
+..........#
+..........#
#..#.G..#..#
#...@C.....+
#..3J9G....+
###'i####''#
###'r####''##########
#......##.......)..))
#.#N##.##.....)).....
#.#f. .##..##########
# 'H|# ##..#))#))#)))
#))+ #..#))#))##''


You could see Dissolution (ally target), a shining eye (summoned), a sun demon,
a war gargoyle, a spriggan air mage (repels missiles), a wandering mushroom, a
harpy, a naga, a hell rat, a floating eye (summoned) and a friendly cactus giant
(summoned).

Vanquished Creatures
  A jumping spider (D)
  A yak (D)
  A basilisk (D)
  An ufetubus (D)
  2 orcs (D)
  A quokka (D)
  A rat (D)
8 creatures vanquished.

Vanquished Creatures (collateral kills)
  2 nagarajas (D)
  A frost giant (D)
  An emperor scorpion (D)
  2 orc warlords (D)
  2 vault guards (D)
  A boulder beetle (D)
  2 naga warriors (D)
  A dancing weapon (D)
  4 skeletal warriors (D)
  A sixfirhy (D)
  A shadow wraith (D)
  2 deep elf knights (D)
  A swamp dragon (D)
  A lindwurm (D)
  13 orc knights (D)
  A deep elf zephyrmancer (D)
  An elephant (D)
  A cyclops (D)
  A smoke demon (D)
  A molten gargoyle (D)
  An orange demon (D)
  A komodo dragon (D)
  A kobold demonologist (D)
  An efreet (D)
  A freezing wraith (D)
  A yaktaur (D)
  A hornet (D)
  A merfolk (D)
  A flying skull (D)
  3 shadows (D)
  A vampire (D)
  A ynoxinul (D)
  5 yaks (D)
  A spriggan (D)
  A wraith (D)
  A basilisk (D)
  A redback (D)
  2 vampire mosquitoes (D)
  2 wargs (D)
  A water moccasin (D)
  A floating eye (D)
  3 orc warriors (D)
  A sky beast (D)
  A wolf (D)
  3 centaurs (D)
  2 kobold brigands (D)
  A gnoll sergeant (D)
  An earth elemental (D)
  A necrophage (D)
  A small abomination (D)
  6 wights (D)
  A nameless horror (D)
  3 crimson imps (D)
  An orc priest (D)
  A hound (D)
  An orc wizard (D)
  4 gnolls (D)
  A river rat (D)
  2 ufetubi (D)
  An adder zombie (D)
  6 orcs (D)
  A bat zombie (D)
  A giant cockroach (D)
  A goblin (D)
  A quokka (D)
  A ball python simulacrum (D)
  A ball python skeleton (D)
  A ball python zombie (D)
  2 frilled lizards (D)
  A giant cockroach zombie (D)
  A rat (D)
121 creatures vanquished.

Vanquished Creatures (others)
  A naga warrior (D)
1 creature vanquished.

Grand Total: 130 creatures vanquished

Notes
Turn   | Place    | Note
-------+----------+-------------------------------------------
     0 | D        | Groucho the Deep Elf Summoner began the quest for the Orb.
     0 | D        | Reached XP level 1. HP: 10/10 MP: 6/6
    13 | D        | Noticed a floating eye
    23 | D        | Paralysed by a floating eye for 2 turns
    24 | D        | Killed a floating eye
    25 | D        | Reached skill level 9 in Summonings
    25 | D        | Reached XP level 2. HP: 15/15 MP: 4/12
    25 | D        | Reached XP level 3. HP: 19/19 MP: 4/13
    25 | D        | Reached XP level 4. HP: 24/24 MP: 4/15
    28 | D        | Learned a level 2 spell: Call Imp
    32 | D        | Learned a level 3 spell: Call Canine Familiar
   324 | D        | Found a glowing golden altar of the Shining One.
   324 | D        | Found a glowing silver altar of Zin.
   324 | D        | Found a basalt altar of Yredelemnul.
   324 | D        | Found a shimmering altar of Xom.
   324 | D        | Found an ornate altar of the Wu Jian Council.
   324 | D        | Found a bloodstained altar of Trog.
   324 | D        | Found a shimmering blue altar of Sif Muna.
   324 | D        | Found a sacrificial altar of Ru.
   324 | D        | Found a stormy altar of Qazlal.
   324 | D        | Found an iron altar of Okawaru.
   324 | D        | Found a sparkling altar of Nemelex Xobeh.
   324 | D        | Found a burning altar of Makhleb.
   324 | D        | Found a viscous altar of Jiyva.
   324 | D        | Found a hazy altar of Hepliaklqana.
   324 | D        | Found an opulent altar of Gozag.
   324 | D        | Found a blossoming altar of Fedhas.
   324 | D        | Found a white marble altar of Elyvilon.
   324 | D        | Found a shadowy altar of Dithmenos.
   324 | D        | Found a snail-covered altar of Cheibriados.
   325 | D        | Found a radiant altar of Vehumet.
   325 | D        | Found a corrupted altar of Lugonu.
   326 | D        | Found an ancient bone altar of Kikubaaqudgha.
   326 | D        | Found a hide-covered altar of Uskayaw.
   326 | D        | Found a broken altar of Ashenzari.
   327 | D        | Became a worshipper of Sif Muna the Loreminder
   349 | D        | Reached * piety under Sif Muna
   825 | D        | Noticed a wolf
   827 | D        | Reached ** piety under Sif Muna
   831 | D        | Killed a wolf
   832 | D        | Reached skill level 1 in Fighting
   832 | D        | Reached skill level 1 in Polearms
   832 | D        | Reached skill level 1 in Armour
   832 | D        | Reached skill level 10 in Summonings
   832 | D        | Reached XP level 5. HP: 30/30 MP: 10/17
   887 | D        | Noticed a centaur
   889 | D        | Noticed a centaur
   891 | D        | Reached *** piety under Sif Muna
   895 | D        | Killed a centaur
   896 | D        | Reached XP level 6. HP: 36/36 MP: 14/19
   897 | D        | Noticed a flying skull
   899 | D        | Reached skill level 5 in Dodging
   910 | D        | Killed a flying skull
   911 | D        | Reached skill level 11 in Summonings
   911 | D        | Reached XP level 7. HP: 35/41 MP: 9/21
   917 | D        | Reached **** piety under Sif Muna
   947 | D        | Noticed a yaktaur
   954 | D        | Killed a yaktaur
   955 | D        | Reached skill level 10 in Spellcasting
   955 | D        | Reached skill level 12 in Summonings
  1468 | D        | Learned a level 4 spell: Summon Lightning Spire
  1480 | D        | Reached ***** piety under Sif Muna
  1481 | D        | Reached skill level 1 in Ranged Weapons
  1481 | D        | Reached skill level 5 in Air Magic
  1481 | D        | Reached XP level 8. HP: 46/48 MP: 17/24
  2104 | D        | Noticed a jumping spider
  2120 | D        | Received a gift from Sif Muna
  2126 | D        | Got Sif Muna's Information on Unholy Frostbite {god gift}
  2134 | D        | Killed a jumping spider
  2874 | D        | Reached skill level 13 in Summonings
  3157 | D        | Noticed a hornet
  3157 | D        | Noticed a freezing wraith
  3167 | D        | Killed a hornet
  3168 | D        | Reached skill level 5 in Fighting
  3168 | D        | Reached skill level 5 in Armour
  3172 | D        | Killed a freezing wraith
  3172 | D        | Received a gift from Sif Muna
  3173 | D        | Reached XP level 9. HP: 26/54 MP: 14/26
  3411 | D        | Got Sif Muna's Writings on Curses and Lithomancy {god gift}
  3431 | D        | Learned a level 4 spell: Cause Fear
  3434 | D        | Noticed an elephant
  3453 | D        | Reached skill level 5 in Ranged Weapons
  3458 | D        | Killed an elephant
  3459 | D        | Reached skill level 5 in Polearms
  3665 | D        | Reached skill level 14 in Summonings
  3668 | D        | Killed a shadow wraith
  3668 | D        | Received a gift from Sif Muna
  3669 | D        | Reached ****** piety under Sif Muna
  3670 | D        | Got Sif Muna's Precepts of Lethal Metal {god gift}
  4064 | D        | Noticed an orange demon
  4072 | D        | Noticed a cyclops
  4076 | D        | Killed an orange demon
  4085 | D        | Reached XP level 10. HP: 34/61 MP: 21/28
  4093 | D        | Noticed a nagaraja
  4107 | D        | Reached skill level 5 in Hexes
  4111 | D        | Killed a nagaraja
  4111 | D        | Received a gift from Sif Muna
  4111 | D        | Killed a cyclops
  4112 | D        | Reached skill level 10 in Dodging
  4112 | D        | Reached skill level 15 in Summonings
  4112 | D        | Got Sif Muna's Discursus on the Vector and Interference
                  | {god gift}
  4556 | D        | Reached skill level 1 in Translocations
  4838 | D        | Learned a level 4 spell: Animate Armour
  4846 | D        | Learned a level 7 spell: Malign Gateway
  4852 | D        | Learned a level 5 spell: Summon Forest
  5004 | D        | Noticed a lindwurm
  5016 | D        | Killed a lindwurm
  5513 | D        | Received a gift from Sif Muna
  5515 | D        | Got Sif Muna's Directory of Ghastly Creation {god gift}
  5522 | D        | Learned a level 5 spell: Summon Mana Viper
  5561 | D        | Noticed a smoke demon
  5581 | D        | Reached skill level 16 in Summonings
  5583 | D        | Received a gift from Sif Muna
  5591 | D        | Got Sif Muna's Papyrus of Interference {god gift}
  6417 | D        | Noticed an orc knight
  6433 | D        | Reached XP level 11. HP: 67/67 MP: 20/30
  6445 | D        | Killed an orc knight
  6446 | D        | Reached skill level 1 in Earth Magic
  6446 | D        | Reached skill level 1 in Invocations
  6462 | D        | Received a gift from Sif Muna
  6463 | D        | Got Sif Muna's Book of Company and Therianthropy {god gift}
  6484 | D        | Learned a level 6 spell: Summon Cactus Giant
  6768 | D        | Learned a level 7 spell: Monstrous Menagerie
  7069 | D        | Noticed a skeletal warrior
  7070 | D        | Noticed a skeletal warrior
  7070 | D        | Noticed a skeletal warrior
  7070 | D        | Noticed a skeletal warrior
  7078 | D        | Received a gift from Sif Muna
  7111 | D        | Killed a skeletal warrior
  7111 | D        | Killed a skeletal warrior
  7112 | D        | Killed a skeletal warrior
  7113 | D        | Reached skill level 10 in Ranged Weapons
  7113 | D        | Killed a skeletal warrior
  7557 | D        | Noticed a deep elf zephyrmancer
  7563 | D        | Killed a deep elf zephyrmancer
  7563 | D        | Received a gift from Sif Muna
  7564 | D        | Reached skill level 17 in Summonings
  7564 | D        | Reached skill level 5 in Translocations
  7568 | D        | Got Oppax's Parchment of the Volcano and Guile {god gift}
  8035 | D        | Noticed a nagaraja
  8037 | D        | Noticed a boulder beetle
  8050 | D        | Killed a nagaraja
  8054 | D        | Killed a boulder beetle
  8055 | D        | Reached skill level 5 in Earth Magic
  9043 | D        | Noticed a sixfirhy
  9043 | D        | Noticed an orc knight
  9043 | D        | Noticed an orc knight
  9043 | D        | Noticed an orc knight
  9044 | D        | Noticed an orc knight
  9049 | D        | Received a gift from Sif Muna
  9050 | D        | Killed a sixfirhy
  9061 | D        | Killed an orc knight
  9062 | D        | Reached XP level 12. HP: 75/75 MP: 1/32
  9076 | D        | Reached skill level 5 in Invocations
  9079 | D        | Received a gift from Sif Muna
  9080 | D        | Noticed an orc warlord
  9085 | D        | Reached skill level 10 in Hexes
  9101 | D        | Killed an orc warlord
  9111 | D        | Received a gift from Sif Muna
  9112 | D        | Reached skill level 15 in Spellcasting
  9112 | D        | Reached skill level 18 in Summonings
  9112 | D        | Got Dybbor's Tome of Convocation and Shapes {god gift}
  9628 | D        | Got Sif Muna's Annotations on Volcanic Misery {god gift}
  9629 | D        | Noticed an orc warlord
  9656 | D        | Killed an orc warlord
 10107 | D        | Learned a level 5 spell: Lee's Rapid Deconstruction
 10121 | D        | Noticed a naga warrior
 10132 | D        | Noticed an emperor scorpion
 10143 | D        | Killed an emperor scorpion
 10148 | D        | Killed a naga warrior
 10148 | D        | Received a gift from Sif Muna
 10184 | D        | Got Sif Muna's Elucidation of Loathsome Impulse {god gift}
 10513 | D        | Noticed a vault guard
 10520 | D        | Killed a vault guard
 10579 | D        | Noticed a naga warrior
 10592 | D        | Killed a naga warrior
 10593 | D        | Reached XP level 13. HP: 57/80 MP: 10/34
 11010 | D        | Noticed a frost giant
 11021 | D        | Killed a frost giant
 11052 | D        | Found the +8 trishula "Condemnation" {holy, anguish, *Noise
                  | Fly rN+}
 11306 | D        | Reached skill level 10 in Earth Magic
 11489 | D        | Got the orb "Qisiasa" {*channel, +Inv rPois Will- Int+4}
 11499 | D        | Got the +1 leather armour of Cowardice {Fly}
 11673 | D        | Found the +3 Elemental Staff {rElec rF+ rC+ AC+3}
 11673 | D        | Noticed Dissolution
 11673 | D        | Noticed a war gargoyle
 11687 | D        | HP: 3/80 [war gargoyle/+0 great mace (8)]
 11687 | D        | Annihilated by Dissolution

Illustrated notes

Levels and vault maps discovered:
D:        pitsprint [storerooms_1, entrance_room_1, metal_vault_2, armoury_1,
          mini_pit_1, grid_room_1, main_hall_1, silver_pit, the_coven_1,
          the_vestibule_1, steel_vault_4, golden_pit, hallway_of_sentries,
          crystal_vault_4, iron_vault_2, final_vault]

Skill      XL: |  1  2  3  4  5  6  7  8  9 10 11 12 13 |
---------------+----------------------------------------+-----
Spellcasting   | 7 8 9 10 11 12 13 14 15 | 15.8
Summonings     | 9 10 11 12 13 14 16 17 18 | 18.9
Fighting       | 1 2 3 4 5 6 7 8 9 |  9.5
Polearms       | 1 2 3 4 5 6 7 |  7.5
Armour         | 1 2 3 4 5 6 7 8 9 |  9.4
Dodging        | 3 4 5 7 8 9 11 12 13 | 13.5
Air Magic      | 2 4 5 6 7 8 9 |  9.9
Ranged Weapons | 1 4 6 9 10 | 10.0
Hexes          | 4 7 9 10 | 10.0
Translocations | 3 5 8 |  8.3
Earth Magic    | 5 9 10 | 10.0
Invocations    | 4 7 |  7.5
Stealth        | |  2.4

Action                     |  1- 3 |  4- 6 |  7- 9 | 10-12 | 13-15 || total
---------------------------+-------+-------+-------+-------+-------++-------
  Melee: Trident           |       |     8 |    23 |    20 |       ||    51
         Trishula          |       |       |       |       |     5 ||     5
   Cast: Summon Small Mamm |     2 |     3 |    18 |     7 |       ||    30
         Call Canine Famil |       |     4 |    15 |    33 |     4 ||    56
         Call Imp          |       |     4 |    15 |     8 |       ||    27
         Summon Lightning  |       |       |     2 |    25 |     2 ||    29
         Summon Forest     |       |       |       |     3 |       ||     3
         Summon Mana Viper |       |       |       |     1 |       ||     1
         Animate Armour    |       |       |       |     1 |       ||     1
         Monstrous Menager |       |       |       |    35 |    11 ||    46
         Summon Cactus Gia |       |       |       |    20 |     4 ||    24
         Lee's Rapid Decon |       |       |       |       |     1 ||     1
 Invoke: Channel Magic     |       |       |       |     8 |       ||     8
    Use: Potion            |       |       |     8 |     6 |     1 ||    15
         Scroll            |       |       |     1 |     5 |       ||     6
   Stab: Distracted        |       |       |       |     1 |       ||     1
 Armour: Robe              |       |       |     3 |     4 |       ||     7
  Dodge: Dodged            |       |     8 |    46 |    34 |     4 ||    92
